 Dungeon Crawl Stone Soup version 0.28-a0-265-g048bc9fd10 (webtiles) character file.

Game seed: 9628480507466323342

226 thedisplayname the Chopper (level 5, 0/48 HPs)
             Began as a Minotaur Fighter on Aug 27, 2021.
             Slain by a gnoll (5 damage)
             ... on level 3 of the Dungeon.
             The game lasted 00:04:45 (3040 turns).

thedisplayname the Chopper (Minotaur Fighter)       Turns: 3040, Time: 00:04:46

Health: 0/48       AC: 10    Str: 21    XL:     5   Next: 69%
Magic:  4/4        EV:  7    Int:  7    God:
Gold:   122        SH: 12    Dex: 10    Spells: 4/4 levels left

rFire   . . .      SeeInvis .   a - +0 war axe
rCold   . . .      Faith    .   c - +0 kite shield
rNeg    . . .      Spirit   .   b - +0 scale mail
rPois   .          Reflect  .   (helmet restricted)
rElec   .          Harm     .   (no cloak)
rCorr   .          Rampage  .   i - +0 pair of gloves
Will    .....                   (no boots)
Stlth   ..........              (no amulet)
HPRegen 0.16/turn               (no ring)
MPRegen 0.09/turn               (no ring)

@: no status effects
A: horns 2, retaliatory headbutt, iridescent scales 1, large bone plates 1,
clever 1
a: no special abilities


You were on level 3 of the Dungeon.
You visited 1 branch of the dungeon, and saw 3 of its levels.

You collected 122 gold pieces.

Inventory:

Hand Weapons
 a - a +0 war axe (weapon)
Missiles
 d - 4 boomerangs of dispersal (quivered)
Armour
 b - a +0 scale mail (worn)
 c - a +0 kite shield (worn)
 i - a +0 pair of gloves (worn)
Wands
 g - a wand of digging (8)
Potions
 e - a potion of brilliance
 f - a potion of resistance {unknown}
 h - a potion of haste {unknown}


   Skills:
 + Level 5.3 Fighting
 * Level 6.0 Axes
 - Level 3.7 Armour
 - Level 3.7 Shields


You had 4 spell levels left.
You didn't know any spells.
Your spell library contained the following spells:

 Spells                   Type           Power      Damage    Failure   Level
 Dazzling Flash           Conj/Hex       0%         N/A       100%        3
 Agony                    Necr           0%         N/A       100%        5
 Silence                  Hex/Air        0%         N/A       100%        5


Dungeon Overview and Level Annotations

Branches:
Dungeon (3/15)

Altars:
Dithmenos
The Shining One

Shops:
D:1 *


Innate Abilities, Weirdness & Mutations

You have a pair of horns on your head.
You reflexively headbutt those who attack you in melee.
You are partially covered in iridescent scales. (AC +2)
You are partially covered in large bone plates. (SH +4)
Your mind is acute. (Int +2)


Message History

You slash the gnoll!
You feel sick.
The gnoll hits you from afar with a +0 spear.
You block the gnoll's attack. x2; The gnoll hits you but does no damage.
You feel sick. You block the gnoll's attack.
You see here an adder corpse.
You feel sick. The gnoll hits you with a +0 club. You block the gnoll's attack.
The gnoll hits you but does no damage.
You feel sick. The gnoll barely misses you. You furiously retaliate!
You headbutt the gnoll.
You kill the gnoll!
You block the gnoll's attack. x2
Your Axes skill increases to level 6!
You slash the gnoll!
The gnoll is almost dead.
You hit the gnoll.
You feel sick.
You are no longer poisoned.
The gnoll hits you with a +2 vorpal spear.
You block the gnoll's attack.
You hit the gnoll but do no damage.
The gnoll is almost dead.
You barely miss the gnoll.
The gnoll hits you with a +2 vorpal spear.
* * * LOW HITPOINT WARNING * * *
You block the gnoll's attack.
The gnoll hits you but does no damage. x2
You closely miss the gnoll.
The gnoll is almost dead.
You hit the gnoll.
The gnoll hits you with a +2 vorpal spear!
* * * LOW HITPOINT WARNING * * *
x2 The gnoll hits you but does no damage.
Okay, then.
Throw: 5 boomerangs (disperse)
Press: ? - help, Shift-Dir - straight line, f - gnoll
Aim: a gnoll, wielding a +0 spear (severely wounded, 61% to hit)
You throw a boomerang of dispersal.
The boomerang of dispersal hits the gnoll.
The gnoll blinks!
You kill the gnoll!
The gnoll hits you with a +2 vorpal spear.
You die...

#.........#
#.........+
#.........#
#.........#
#.........#
#.........#
#.........#
#.@§......
#†)g....).
#..##.##..
#..##.#
#####.....#
#.........#
#####.###.#
#.# .#
#.### #


You could see a gnoll.

Vanquished Creatures
  A crimson imp (D:3)
  An orc priest (D:3)
  Crazy Yiuf (D:2)
  An orc wizard (D:2)
  3 gnolls (D:3)
  2 adders
  A worm (D:2)
  2 dart slugs (D:1)
  4 orcs (D:3)
  5 endoplasms
  3 giant cockroaches
  6 goblins
  6 hobgoblins
  3 kobolds
  5 ball pythons
  4 bats
  5 frilled lizards
  A goblin skeleton (D:3)
  3 goblin zombies (D:3)
  3 hobgoblin zombies (D:3)
  2 kobold skeletons (D:3)
  A kobold zombie (D:3)
  An orc zombie (D:3)
  3 rats
67 creatures vanquished.

Notes
Turn   | Place    | Note
-------+----------+-------------------------------------------
     0 | D:1      | thedisplayname the Minotaur Fighter began the quest for the
                  | Orb.
     0 | D:1      | Reached XP level 1. HP: 19/19 MP: 0/0
   136 | D:1      | Reached XP level 2. HP: 26/27 MP: 1/1
   144 | D:1      | Found Taedel's General Store.
   168 | D:1      | Reached skill level 3 in Axes
   541 | D:1      | Reached XP level 3. HP: 24/33 MP: 2/2
  1160 | D:2      | Reached skill level 4 in Axes
  1268 | D:2      | Found a runed translucent door.
  1269 | D:2      | Noticed Crazy Yiuf
  1771 | D:2      | Killed Crazy Yiuf
  1772 | D:2      | Reached XP level 4. HP: 20/41 MP: 0/3
  2168 | D:2      | Gained mutation: You are partially covered in large bone
                  | plates. (SH +4) [potion of mutation]
  2168 | D:2      | Gained mutation: Your mind is acute. (Int +2) [potion of
                  | mutation]
  2168 | D:2      | Gained mutation: You are partially covered in iridescent
                  | scales. (AC +2) [potion of mutation]
  2326 | D:3      | Found a shadowy altar of Dithmenos.
  2332 | D:3      | Reached skill level 5 in Axes
  2386 | D:2      | Reached XP level 5. HP: 29/47 MP: 4/4
  2387 | D:2      | Reached skill level 5 in Fighting
  2918 | D:3      | Found a glowing golden altar of the Shining One.
  3037 | D:3      | Reached skill level 6 in Axes
  3040 | D:3      | Slain by a gnoll

Illustrated notes

Levels and vault maps discovered:
D:1:      minmay_arrival_radiant_lines, layout_loops_ring, serial_shops, shop
D:2:      layout_loops_ring, uniq_crazy_yiuf_cottage
D:3:      layout_basic, nicolae_dithmenos_the_darkroom,
          nicolae_tso_besieged_by_evil

Skill      XL: |  1  2  3  4  5 |
---------------+----------------+-----
Axes           | 3 4 5 6 |  6.0
Fighting       | 4 5 |  5.3
Armour         | |  3.7
Shields        | |  3.7

Action                   |  1- 3 |  4- 6 || total
-------------------------+-------+-------++-------
Melee: War axe           |    80 |    69 ||   149
       Headbutt          |    11 |     7 ||    18
Throw: Boomerang         |       |     1 ||     1
  Use: Scroll            |     1 |     2 ||     3
       Potion            |       |     5 ||     5
Armor: Scale mail        |    30 |    57 ||    87
Dodge: Dodged            |    22 |    19 ||    41
Block: Kite shield       |    23 |    38 ||    61

Table legend: (Time is in decaauts)
 A = Elapsed time spent in this place.
 B = Non-inter-level travel time spent in this place.
 C = Inter-level travel time spent in this place.
 D = Time resting spent in this place.
 E = Time spent auto-exploring this place.
 F = Levels seen in this place.
 G = Mean time per level.
                   A        B        C        D        E       F      G
               +--------+--------+--------+--------+--------+-----+--------+
         Total |   3116 |   3084 |     32 |   1246 |   1388 |   3 | 1038.7 |
       Dungeon |   3116 |   3084 |     32 |   1246 |   1388 |   3 | 1038.7 |
               +--------+--------+--------+--------+--------+-----+--------+

Top non-repeatable levels by time:
     D:2: 1997 daAuts
     D:1: 829 daAuts
     D:3: 289 daAuts
